 Dungeon Crawl Stone Soup version 0.16-a0-3197-g5046a99 (webtiles) character file.

104146 PolkaDot the Impaler (level 16, -1/166 HPs)
             Began as a Hill Orc Gladiator on Dec 17, 2014.
             Was the Champion of Beogh.
             Slain by the 27-headed Lernaean hydra (11 damage)
             ... on level 5 of the Swamp on Dec 18, 2014.
             The game lasted 04:04:42 (36675 turns).

PolkaDot the Impaler (Hill Orc Gladiator)          Turns: 36675, Time: 04:04:42

Health: -1/166     AC: 34    Str: 21    XL:     16   Next: 37%
Magic:  29/29      EV: 16    Int:  8    God:    Beogh [******]
Gold:   519        SH:  0    Dex: 16    Spells: 0 memorised, 15 levels left

rFire  + . .     SeeInvis +     w - +0 halberd (drain)
rCold  + . .     Clarity  .     o - +8 pearl dragon armour
rNeg   + . .     SustAb   .     (no shield)
rPois  +         Gourm    .     c - +0 helmet
rElec  .         Spirit   .     n - +2 cloak {MR+}
rCorr  .         Warding  .     V - +0 pair of gloves
rMut   .         Stasis   .     x - +0 pair of boots
MR     ++...                    P - amulet of Vitality {HP+15 Regen}
Stlth  ++........               M - ring of Ugiras {rPois rF+}
                                G - ring of Qifocof {Wiz rC+ Str+1 SInv Stlth++}

@: slowed, very slow, very resistant to hostile enchantments, unstealthy
A: walk on water
a: Smiting, Recall Orcish Followers, Give Item to Named Follower, Renounce
Religion


You were on level 5 of the Swamp.
You worshipped Beogh.
Beogh was exalted by your worship.
You were not hungry.

You visited 3 branches of the dungeon, and saw 28 of its levels.
You also visited: Ice Cave and Volcano.

You collected 2678 gold pieces.
You spent 2159 gold pieces at shops.

Inventory:

Hand weapons
 e - a +9 glaive of protection
 w - a +0 halberd of draining (weapon)
 K - a +2 executioner's axe of electrocution
Missiles
 d - 8 throwing nets (quivered)
Armour
 c - a +0 helmet (worn)
 n - a +2 cloak of magic resistance (worn)
 o - a +8 pearl dragon armour (worn)
 x - a +0 pair of boots (worn)
 Q - a +0 plate armour
 V - a +0 pair of gloves (worn)
Jewellery
 a - an uncursed amulet of stasis
 G - the ring of Qifocof (left hand) {Wiz rC+ Str+1 SInv Stlth++}
   (You bought it in a shop on level 7 of the Dungeon)

   [ring of wizardry]

   It improves your spell success rate.
   It affects your strength (+1).
   It protects you from cold.
   It enhances your eyesight.
   It makes you much more stealthy.
 M - the ring of Ugiras (right hand) {rPois rF+}
   (You found it on level 5 of the Lair of Beasts)

   [ring of poison resistance]

   It protects you from fire.
   It protects you from poison.
 P - the amulet of Vitality (around neck) {HP+15 Regen}
   (You found it on level 6 of the Lair of Beasts)

   [amulet of regeneration]

   It affects your health (+15).
   It increases your rate of regeneration.
Magical devices
 b - a wand of slowing (32)
 g - a wand of fireball (0)
 j - a wand of heal wounds (0)
 z - a wand of flame (12)
 B - a wand of polymorph (0)
 C - a wand of digging (9)
 D - a wand of paralysis (0)
 L - a wand of magic darts (23)
 S - a wand of confusion (13)
Scrolls
 k - 4 scrolls of remove curse
 u - a scroll of holy word
 E - 3 scrolls of immolation
 F - 4 scrolls of fog
 N - a scroll of silence
 R - 12 scrolls of identify
 T - a scroll of recharging
 Z - 2 scrolls of magic mapping
Potions
 p - 2 potions of cancellation
 q - 2 potions of magic
 v - 8 potions of curing
 H - a potion of lignification
 I - 2 potions of restore abilities
 J - 3 potions of degeneration {!q}
Comestibles
 f - 9 meat rations
 h - 18 bread rations
 l - 2 royal jellies
 m - 2 slices of pizza
 r - 19 fruits
 s - 9 beef jerkies


   Skills:
 - Level 15.8 Fighting
 + Level 16.6 Polearms
 - Level 2.0 Throwing
 - Level 11.4 Armour
 - Level 10.0 Dodging
   Level 6.7 Translocations
 - Level 7.6 Invocations
 - Level 9.8 Evocations


You had 15 spell levels left.
You didn't know any spells.

Dungeon Overview and Level Annotations

Branches:
Dungeon (15/15)            Temple (0/1) D:4            Lair (8/8) D:9
  Swamp (5/5) Lair:5       Spider (0/5) Lair:4        Slime (0/6) Lair:8
    Orc (0/4) D:10         Vaults (0/5) D:14         Depths (0/5) D:15

Altars:
Ashenzari
Fedhas
Gozag
Ru
Sif Muna
Trog
Vehumet
Xom
Yredelemnul
Zin
The Shining One
Jiyva

Shops:
D:7 ?[=[   D:14 *

Annotations:
D:3 Grim's ghost, average DrTm
Lair:5 Urug
Swamp:5 Lernaean hydra


Message History

The storm dragon bites you but does no damage.
The storm dragon claws you but does no damage.
The storm dragon tramples you but does no damage.
Your magical contamination has completely faded away.
The 27-headed Lernaean hydra closely misses you.
The 27-headed Lernaean hydra bites you but does no damage. x6
The 27-headed Lernaean hydra misses you.
The 27-headed Lernaean hydra bites you but does no damage.
The 27-headed Lernaean hydra bites you.
* * * LOW HITPOINT WARNING * * *
The 27-headed Lernaean hydra closely misses you.
The 27-headed Lernaean hydra bites you but does no damage. x3
The 27-headed Lernaean hydra bites you!
* * * LOW HITPOINT WARNING * * *
The 27-headed Lernaean hydra closely misses you.
The 27-headed Lernaean hydra bites you but does no damage. x3
The 27-headed Lernaean hydra completely misses you.
The 27-headed Lernaean hydra bites you but does no damage. x3
The 27-headed Lernaean hydra bites you!
You die...

#⌠≈...≈≈≈.#.♣♣
#....PP≈.≈+.≈♣♣
#...8.8.8.#≈≈≈♣♣
#..(...≈..#≈≈♣.♣♣♣♣
...D#'####≈....♣.♣♣
.(.'.. ##.≈.≈≈.≈♣ #..
#DD..≈.♣♣ . #§DD≈.≈♣
.n. #≈@≈..♣♣ ..#n
##≈.....♣♣
.≈≈≈≈#####.≈......♣
.≈..≈...≈≈..≈≈.≈.≈.♣♣
...≈..§.............♣♣
≈.≈.≈..)..≈≈..≈....♣.♣♣
...........≈.≈..≈...≈♣
...≈≈..≈..≈≈.........♣♣
≈.≈≈.≈.≈§.≈≈..≈.≈≈....♣


You could see the 27-headed Lernaean hydra, a storm dragon, a six-headed hydra
and a swamp dragon.

Vanquished Creatures
  A thorn hunter (Swamp:2)
  Rupert (Swamp:2)
  A very ugly thing (Swamp:4)
  A fire dragon (Lair:8)
  3 ice dragons
  5 centaur warriors
  6 alligators
  A ghost crab (Swamp:4)
  16 hydras
  A death yak (Lair:6)
  A catoblepas (D:13)
  6 swamp dragons
  2 hill giants
  2 ice statues (IceCv)
  A shambling mangrove (Swamp:2)
  A necromancer (Swamp:1)
  An unseen horror (D:14)
  An oklob plant (Lair:3)
  Joseph (D:9)
  A queen ant (Lair:4)
  7 spiny frogs
  5 elephants
  A black mamba (Lair:5)
  A gargoyle (D:13)
  2 yaktaurs (Volcano)
  4 fire drakes
  6 komodo dragons
  A spectral deep troll (Swamp:4)
  5 giant leeches
  2 hydra zombies (Swamp:1)
  4 polar bears
  12 bog bodies
  15 slime creatures
  Prince Ribbit (Lair:3)
  2 trolls
  4 baby alligators
  14 blink frogs
  The ghost of Grim the Sneak, an average OpAs (D:4)
  A two-headed ogre (D:15)
  8 ravens
  2 alligator zombies (Swamp:1)
  2 basilisks
  A centaur simulacrum (D:14)
  A shadow (Swamp:4)
  2 spriggans
  11 yaks
  A chaos spawn (Swamp:3)
  A deep elf mage (D:13)
  A wraith (D:10)
  4 hippogriffs
  A fire elemental (D:14)
  4 insubstantial wisps (Swamp:2)
  21 swamp worms
  Edmund (D:7)
  11 vampire mosquitoes
  5 wolves
  A mottled dragon (Lair:8)
  A hydra simulacrum (Swamp:1)
  12 water moccasins
  11 porcupines
  5 orc warriors
  A yellow wasp (Swamp:2)
  4 spiders (Lair:4)
  A necrophage (D:11)
  A phantom (D:7)
  9 centaurs
  21 ice beasts
  11 swamp drakes
  16 soldier ants (Lair:4)
  A black bear (D:6)
  7 sky beasts
  2 ogres
  3 boring beetles
  A swamp dragon zombie (Swamp:1)
  2 big kobolds
  13 crocodiles
  13 sheep
  13 giant frogs
  3 scorpions
  A wyvern skeleton (D:7)
  7 wights
  7 killer bees
  An electric eel (D:7)
  A swamp dragon simulacrum (Swamp:1)
  2 crimson imps
  4 goliath beetles
  11 hounds
  2 centaur skeletons
  2 giant frog skeletons
  A quasit (D:10)
  A giant frog zombie (D:8)
  3 jellies
  10 iguanas
  6 orc wizards
  24 worker ants
  Natasha (twice) (D:6)
  3 hell rats
  2 crocodile zombies
  A hound skeleton (D:6)
  A worker ant zombie (D:9)
  10 gnolls
  16 river rats
  21 adders
  3 shadow imps
  An ufetubus (D:13)
  4 worms
  3 adder zombies
  2 adder skeletons
  9 giant geckos
  16 orcs
  13 bats
  A bat skeleton (D:4)
  7 giant cockroaches
  14 goblins
  20 hobgoblins
  7 quokkas
  A ball python (D:4)
  5 giant newts
  2 giant spores
  A jackal zombie (D:6)
  21 kobolds
  2 quokka skeletons (D:9)
  18 rats
  17 ballistomycetes
  3 fungi
  A plant (Swamp:2)
680 creatures vanquished.

Vanquished Creatures (collateral kills)
  Frances (Swamp:3)
  A yaktaur captain (D:15)
  8 hydras
  An ogre mage (D:15)
  3 centaur warriors (D:15)
  A death yak (Lair:6)
  A spriggan (Swamp:3)
  A wizard (D:14)
  A griffon (Lair:8)
  A lindwurm (D:14)
  5 hill giants
  4 cyclopes
  A salamander (shapeshifter) (D:15)
  7 elephants
  Maurice (D:12)
  An orange demon (D:13)
  4 ugly things
  2 black mambas
  A centaur zombie (D:14)
  A torpor snail (Lair:6)
  Psyche (D:11)
  A yaktaur (D:15)
  A kobold demonologist (D:15)
  6 komodo dragons
  9 spiny frogs
  2 fire drakes
  A fire drake (shapeshifter) (D:14)
  A freezing wraith (D:15)
  A two-headed ogre (D:15)
  2 baby alligators (Lair:5)
  12 blink frogs
  A shadow (D:15)
  2 basilisks
  8 slime creatures
  4 wraiths
  6 hippogriffs
  A fire elemental (D:14)
  A hungry ghost (D:10)
  13 yaks
  2 insubstantial wisps (Swamp:2)
  A warg (D:15)
  6 vampire mosquitoes (D:15)
  7 water moccasins
  7 wolves
  2 steam dragons
  7 porcupines
  3 sky beasts
  An ice beast (D:14)
  4 soldier ants (Lair:4)
  2 necrophages
  A swamp drake (Lair:8)
  A black bear (Lair:2)
  A yellow wasp (Swamp:3)
  15 centaurs
  4 spiders (Lair:4)
  3 orc warriors
  A boring beetle (Lair:7)
  5 orc wizards
  A big kobold (D:14)
  11 crocodiles
  3 ogres (D:15)
  8 giant frogs
  3 scorpions
  A jelly (D:9)
  2 wights (D:11)
  8 killer bees
  4 electric eels
  A lava snake (D:14)
  3 crimson imps
  A gnoll shaman (D:9)
  4 hounds
  An orc priest (D:15)
  10 worker ants
  3 centaur skeletons
  5 iguanas
  3 hell rats
  15 sheep
  A hound skeleton (D:8)
  A mummy (D:11)
  2 gnolls (D:9)
  39 river rats
  6 adders
  A shadow imp (D:9)
  2 white imps
  5 orcs
  A hobgoblin (D:8)
  6 kobolds
  An orc zombie (D:9)
  3 quokkas
  3 rats
  16 ballistomycetes
  3 fungi
  A plant (Lair:4)
370 creatures vanquished.

Vanquished Creatures (others)
  An orc high priest (Lair:6)
  An orc knight (D:13)
  6 orc warriors
  An orange demon (Lair:6)
  A smoke demon (Lair:6)
  3 swamp drakes
  A black bear (Lair:7)
  6 orc priests
  5 orc wizards
  A sheep (Lair:7)
  28 orcs
  8 giant spores
  A bush (Lair:2)
  9 fungi
  14 plants
86 creatures vanquished.

Grand Total: 1136 creatures vanquished

Notes
Turn   | Place    | Note
--------------------------------------------------------------
     0 | D:1      | PolkaDot, the Hill Orc Gladiator, began the quest for the Orb.
     0 | D:1      | Reached XP level 1. HP: 18/18 MP: 1/1
   170 | D:1      | Reached XP level 2. HP: 25/25 MP: 2/2
   480 | D:1      | Reached skill level 4 in Polearms
   617 | D:1      | Reached XP level 3. HP: 29/31 MP: 3/3
  1341 | D:2      | Reached XP level 4. HP: 36/38 MP: 4/4
  1704 | D:3      | Reached skill level 5 in Polearms
  1991 | D:3      | Found a bloodstained altar of Trog.
  2354 | D:3      | Reached XP level 5. HP: 44/46 MP: 5/5
  2936 | D:3      | Noticed Grim's ghost (average DrTm)
  2937 | D:3      | Gained mutation: You are robust (+10% HP). [potion of mutation]
  2937 | D:3      | Gained mutation: Your body is slowly deteriorating. [potion of mutation]
  2937 | D:3      | Gained mutation: You expend magic power (6 MP) to slightly strengthen your wands. [potion of mutation]
  2938 | D:3      | Gained mutation: Scrolls take you a little longer to read. [potion of mutation]
  2938 | D:3      | Gained mutation: You possess an exceptional clarity of mind. [potion of mutation]
  2938 | D:3      | Lost mutation: You are robust (+10% HP). [potion of mutation]
  3150 | D:4      | Found a blossoming altar of Fedhas.
  3158 | D:4      | Became a worshipper of Beogh the Brigand
  3175 | D:4      | Reached skill level 6 in Polearms
  3175 | D:4      | Reached XP level 6. HP: 28/53 MP: 6/6
  3477 | D:4      | Found a staircase to the Ecumenical Temple.
  3541 | D:4      | Noticed Grim's ghost (average OpAs)
  3570 | D:4      | Killed Grim's ghost
  3570 | D:4      | Acquired Beogh's first power
  3570 | D:4      | Reached skill level 5 in Fighting
  3570 | D:4      | Reached skill level 7 in Polearms
  3570 | D:4      | Reached XP level 7. HP: 38/61 MP: 2/7
  4150 | D:4      | Reached skill level 8 in Polearms
  5233 | D:5      | Entered Level 5 of the Dungeon
  5286 | D:5      | Acquired Beogh's second power
  5380 | D:5      | Reached skill level 1 in Armour
  5380 | D:5      | Reached XP level 8. HP: 63/70 MP: 8/8
  5510 | D:5      | Reached skill level 9 in Polearms
  5931 | D:6      | Found a basalt altar of Yredelemnul.
  5942 | D:6      | Noticed Natasha
  5948 | D:6      | Killed Natasha
  6069 | D:6      | Acquired Beogh's third power
  6132 | D:6      | Reached skill level 10 in Polearms
  6506 | D:6      | Found a glowing golden altar of the Shining One.
  6747 | D:6      | Reached XP level 9. HP: 75/75 MP: 9/9
  7197 | D:6      | Found a deep blue altar of Sif Muna.
  7441 | D:6      | Noticed Natasha
  7446 | D:6      | Killed Natasha
  7592 | D:7      | Reached skill level 11 in Polearms
  7592 | D:7      | Reached skill level 5 in Armour
  7676 | D:7      | Found a radiant altar of Vehumet.
  7872 | D:7      | Noticed Edmund
  7884 | D:7      | Killed Edmund
  7944 | D:7      | Found Zeng's Armour Boutique.
  8035 | D:7      | Found Hudil's Magic Scroll Boutique.
  8131 | D:7      | Found Biossett's Antique Armour Boutique.
  8131 | D:7      | Found Gusmueph's Jewellery Shop.
  8220 | D:7      | Acquired Beogh's fourth power
  8622 | D:8      | Reached skill level 12 in Polearms
  8768 | D:8      | Found a glowing silver altar of Zin.
  9354 | D:9      | Noticed Joseph
  9364 | D:9      | Killed Joseph
  9364 | D:9      | Reached XP level 10. HP: 43/83 MP: 10/10
  9582 | D:9      | Gained Bogrim as an ally
  9587 | D:9      | Acquired Beogh's fifth power
  9588 | D:9      | Reached skill level 13 in Polearms
  9594 | D:9      | Found a staircase to the Lair.
 10026 | D:9      | Found an opulent altar of Gozag.
 10027 | D:9      | Found a shattered altar of Ashenzari.
 10098 | D:9      | Got a bloodstained scale mail
 10109 | D:9      | Identified the +2 scale mail "Puac" {MR++ rCorr} (You found it on level 9 of the Dungeon)
 10156 | D:9      | Your ally Bogrim died
 10159 | D:9      | Noticed a centaur warrior
 10171 | D:9      | Killed a centaur warrior
 10524 | D:9      | Gained Marbaugh as an ally
 10738 | D:9      | Learned a level 1 spell: Apportation
 10831 | Lair:1   | Entered Level 1 of the Lair of Beasts
 10852 | Lair:1   | Gained Bogric as an ally
 10888 | Lair:1   | Found a labyrinth entrance.
 10913 | Lair:1   | Your ally Marbaugh died
 10914 | Lair:1   | Reached skill level 14 in Polearms
 11619 | Lair:1   | Reached XP level 11. HP: 92/92 MP: 11/11
 12087 | Lair:2   | Reached skill level 1 in Invocations
 12634 | Lair:2   | Found a sacrificial altar of Ru.
 13463 | Lair:3   | Reached skill level 15 in Polearms
 13520 | Lair:3   | Noticed Prince Ribbit
 13531 | Lair:3   | Killed Prince Ribbit
 13540 | Lair:3   | Gained Bogwik as an ally
 13924 | Lair:3   | Noticed an eight-headed hydra
 13931 | Lair:3   | Your ally Bogwik died
 13933 | Lair:3   | Killed an eight-headed hydra
 13933 | Lair:3   | Reached skill level 5 in Invocations
 14169 | Lair:3   | Gained Warrok as an ally
 14273 | Lair:3   | Noticed a five-headed hydra
 14280 | Lair:3   | Killed a six-headed hydra
 14720 | Lair:4   | Found a dark tunnel.
 14781 | Volcano  | Entered a volcano
 14916 | Volcano  | Noticed a centaur warrior
 14928 | Volcano  | Killed a centaur warrior
 14928 | Volcano  | Reached skill level 10 in Fighting
 14928 | Volcano  | Reached XP level 12. HP: 73/106 MP: 20/22
 16737 | Lair:4   | Found a hole to the Spider Nest.
 16911 | Lair:4   | Reached skill level 16 in Polearms
 17969 | Lair:5   | Noticed a six-headed hydra
 17972 | Lair:5   | Found a staircase to the Swamp.
 17977 | Lair:5   | Killed a six-headed hydra
 18199 | Lair:5   | Got a twitching iron ring
 18275 | Lair:5   | Identified the ring of Ugiras {rPois rF+} (You found it on level 5 of the Lair of Beasts)
 18525 | Lair:5   | I quite agree, Warrok
 18562 | Lair:5   | Reached skill level 5 in Dodging
 19072 | Lair:6   | Reached skill level 1 in Translocations
 19072 | Lair:6   | Reached XP level 13. HP: 116/116 MP: 24/24
 19312 | Lair:6   | Noticed a death yak
 19312 | Lair:6   | Noticed a death yak
 19330 | Lair:6   | Killed a death yak
 19343 | Lair:6   | Your ally Warrok died
 19641 | Lair:6   | well, Bogric, Warrok went and died on us... REVEEEEENGE
 19673 | Lair:6   | Killed a death yak
 20169 | Lair:6   | Noticed a seven-headed hydra
 20170 | Lair:6   | Noticed a six-headed hydra
 20190 | Lair:6   | Killed a 13-headed hydra
 20206 | Lair:6   | Killed a seven-headed hydra
 21726 | Lair:8   | Entered Level 8 of the Lair of Beasts
 22496 | Lair:8   | Upgraded the game from 0.16-a0-3187-geb38783 to 0.16-a0-3197-g5046a99
 22508 | Lair:8   | Found a viscous altar of Jiyva.
 22515 | Lair:8   | Found a staircase to the Slime Pits.
 23042 | Lair:8   | Reached XP level 14. HP: 38/124 MP: 25/25
 23520 | D:10     | Entered Level 10 of the Dungeon
 23734 | D:10     | Reached skill level 5 in Translocations
 23872 | D:10     | Found a staircase to the Orcish Mines.
 23949 | D:10     | Gained mutation: You occasionally shout uncontrollably at your foes. [mutagenic meat]
 23950 | D:10     | Gained mutation: Armour fits poorly on your strangely shaped body. [mutagenic meat]
 23951 | D:10     | Lost mutation: You occasionally shout uncontrollably at your foes. [potion of cure mutation]
 23951 | D:10     | Lost mutation: Your body is slowly deteriorating. [potion of cure mutation]
 23951 | D:10     | Lost mutation: You expend magic power (6 MP) to slightly strengthen your wands. [potion of cure mutation]
 23951 | D:10     | Lost mutation: Armour fits poorly on your strangely shaped body. [potion of cure mutation]
 23951 | D:10     | Lost mutation: Scrolls take you a little longer to read. [potion of cure mutation]
 23951 | D:10     | Lost mutation: You possess an exceptional clarity of mind. [potion of cure mutation]
 23978 | D:10     | Gained Wargath as an ally
 24116 | D:10     | Reached skill level 10 in Dodging
 24369 | D:11     | Noticed Psyche
 24381 | D:11     | Killed Psyche
 24707 | D:11     | Gained Morbeogh as an ally
 24713 | D:11     | Your ally Wargath died
 25472 | D:12     | Noticed Maurice
 25475 | D:12     | Noticed Urug
 25477 | D:12     | Killed Maurice
 25822 | D:7      | Bought an uncursed amulet of regeneration for 300 gold pieces
 25822 | D:7      | Bought the ring of Qifocof {Wiz rC+ Str+1 SInv Stlth++} for 559 gold pieces
 26936 | D:13     | Your ally Morbeogh died
 27935 | D:14     | Found a gate to the Vaults.
 28013 | D:14     | Found a frozen archway.
 28059 | IceCv    | Entered an ice cave
 28643 | IceCv    | Got a crude lapis lazuli ring
 28649 | IceCv    | Identified the ring "Mnoan" {+Rage rF- MP+9} (You found it in an ice cave)
 28879 | D:14     | Found Gioc's General Store.
 29045 | D:14     | Reached skill level 1 in Evocations
 29125 | D:14     | Found a shimmering altar of Xom.
 29843 | D:15     | Entered Level 15 of the Dungeon
 30382 | D:15     | Reached XP level 15. HP: 98/136 MP: 26/26
 30394 | D:15     | Gained Garbold as an ally
 30699 | D:15     | Gained Brunolf as an ally
 30713 | D:15     | Gained Zorug as an ally
 30836 | D:15     | Reached skill level 5 in Evocations
 31180 | D:15     | Found a staircase to the Depths.
 31712 | D:7      | Bought a +2 pearl dragon armour for 1300 gold pieces
 31785 | D:8      | Gained Bogbrand as an ally
 31999 | Swamp:1  | Entered Level 1 of the Swamp
 32453 | Swamp:1  | Reached skill level 10 in Armour
 33095 | Swamp:2  | Noticed a thorn hunter
 33119 | Swamp:2  | Killed a thorn hunter
 33495 | Swamp:2  | Noticed Rupert
 33535 | Swamp:2  | Paralysed by Rupert for 2 turns
 33561 | Swamp:2  | Killed Rupert
 34747 | Swamp:3  | Noticed Frances
 34796 | Swamp:3  | Killed Frances
 35263 | Swamp:4  | Reached skill level 15 in Fighting
 35326 | Swamp:4  | Reached XP level 16. HP: 149/149 MP: 28/28
 36001 | Swamp:5  | Entered Level 5 of the Swamp
 36140 | Swamp:5  | Gained Gorg as an ally
 36143 | Swamp:5  | Your ally Gorg died
 36505 | Swamp:5  | Noticed the 27-headed Lernaean hydra
 36675 | Swamp:5  | Slain by the 27-headed Lernaean hydra

Action                   |  1- 3 |  4- 6 |  7- 9 | 10-12 | 13-15 | 16-18 || total
-------------------------+-------+-------+-------+-------+-------+-------++-------
Melee: Trident           |   113 |   240 |   275 |       |       |       ||   628
       Halberd           |       |       |   242 |   685 |  1729 |     7 ||  2663
       Glaive            |       |       |       |       |    64 |   218 ||   282
Throw: Throwing net      |       |       |       |     1 |     1 |       ||     2
Invok: Convert to Beogh  |       |     1 |       |       |       |       ||     1
       Recall Orcish Fol |       |       |       |     3 |    19 |       ||    22
       Give Item to Name |       |       |       |     2 |     7 |       ||     9
Evoke: Wand              |       |     1 |     1 |    10 |    44 |    17 ||    73
  Use: Potion            |     2 |     5 |     6 |     6 |    14 |     1 ||    34
       Scroll            |       |     4 |     8 |    12 |    37 |    11 ||    72
 Stab: Sleeping          |       |       |     4 |     1 |     3 |     2 ||    10
       Distracted        |       |       |       |     3 |     8 |       ||    11
       Paralysed         |       |       |       |     4 |     5 |     9 ||    18
       Confused          |       |       |       |       |     1 |     7 ||     8
  Eat: Chunk             |     1 |     8 |    12 |    21 |    39 |     7 ||    88
       Beef jerky        |       |       |     1 |       |     5 |       ||     6
       Fruit             |       |       |     2 |     1 |     8 |       ||    11
       Bread ration      |       |       |     1 |     1 |     3 |       ||     5
       Meat ration       |       |       |       |     1 |       |       ||     1
       Pizza             |       |       |       |       |     1 |       ||     1
